 Dungeon Crawl Stone Soup version 0.20-a0-1126-g0f15420 (webtiles) character file.

280 Lochraine the Skirmisher (level 6, -2/33 HPs)
             Began as a Vine Stalker Fighter on May 17, 2017.
             Slain by an ogre
             ... wielding a +0 giant club
              (21 damage)
             ... on level 4 of the Dungeon.
             The game lasted 00:04:56 (2593 turns).

Lochraine the Skirmisher (Vine Stalker Fighter)     Turns: 2593, Time: 00:04:56

Health: -2/33      AC:  6    Str: 18    XL:     6   Next: 27%
Magic:  0/7        EV:  7    Int:  9    God:
Gold:   130        SH:  9    Dex: 15    Spells: 5/5 levels left

rFire    . . .     SeeInvis .   b - +0 falchion (slice)
rCold    . . .     Gourm    .   c - +0 shield
rNeg     . . .     Faith    .   l - +0 scale mail {rPois}
rPois    +         Spirit   +   (no helmet)
rElec    .         Reflect  .   (no cloak)
rCorr    +         Harm     .   (no gloves)
MR       .....                  (no boots)
Stlth    ..........             (no amulet)
Regen    0.6/turn               j - ring of resist corrosion
MPRegen  0.1/turn               g - ring of poison resistance

@: no status effects
A: fangs 2, regeneration 1, magic shield, antimagic bite, no potion heal 3, rot
immunity
a: no special abilities


You were on level 4 of the Dungeon.
You were not hungry.

You visited 1 branch of the dungeon, and saw 4 of its levels.

You collected 130 gold pieces.

Inventory:

Hand Weapons
 a - a +0 hunting sling
   (You found it on level 1 of the Dungeon)
 b - a +0 falchion of slicing (weapon)
   (You found it on level 3 of the Dungeon)
Missiles
 i - 66 stones (quivered)
Armour
 c - a +0 shield (worn)
 l - a +0 scale mail of poison resistance (worn)
   (You took it off Terence on level 3 of the Dungeon)
Jewellery
 g - a ring of poison resistance (right hand)
   (You found it on level 1 of the Dungeon)
 j - a ring of resist corrosion (left hand)
   (You found it on level 1 of the Dungeon)
Scrolls
 e - 5 scrolls of teleportation {@r4}
 n - a scroll of fog {unknown}
 p - 2 scrolls of remove curse {@r2}
 t - a scroll of identify {@r1}
 v - a scroll of random uselessness {unknown}
 y - a scroll of magic mapping {unknown}
Potions
 d - 2 potions of might
 f - a potion of ambrosia {unknown}
 h - a potion of berserk rage {unknown}
 m - a potion of flight {unknown}
 o - 2 potions of heal wounds {unknown}
 r - 3 potions of curing {@q1}
 u - a potion of invisibility {unknown}
 x - a potion of haste {unknown}
 A - a potion of agility {unknown}
Comestibles
 k - 2 meat rations
 q - 3 bread rations
 s - 2 royal jellies
 w - 2 chunks of flesh
 z - a fruit


   Skills:
 + Level 3.9 Fighting
 + Level 3.3 Long Blades
 + Level 3.2 Armour
 + Level 3.9 Shields


You had 5 spell levels left.
You didn't know any spells.

Dungeon Overview and Level Annotations

Branches:
Dungeon (4/15)
 Temple: D:4-7

Altars:
Dithmenos


Innate Abilities, Weirdness & Mutations

You have extremely sharp teeth.
Your natural rate of healing is unusually fast.
When hurt, damage is shared between your health and your magic reserves.
Your bite disrupts and absorbs the magic of your enemies.
Potions cannot restore your health.
You are immune to rotting.


Message History

The worker ant bites you but does no damage.
You hit the worker ant. Your bite misses the worker ant.
The worker ant bites you.
You are poisoned.
The worker ant poisons you! The worker ant bites you.
You slash the worker ant!
You feel sick. The worker ant barely misses you.
You hit the worker ant.
You kill the worker ant!
You feel sick.
No target in view!
As you read the scroll labeled LIHIAREST, it crumbles to dust.
You feel strangely unstable.
It was a scroll of teleportation.
As you read the scroll labeled HUNORE YMOWKAM, it crumbles to dust.
It is a scroll of identify.
r - 3 potions of curing You feel sick.
As you read the scroll labeled QOALALUMAT, it crumbles to dust.
You feel blessed for a moment.
It was a scroll of remove curse.
Okay, then.
Okay, then.
Your surroundings suddenly seem different.
You feel sick.
Found a leather armour.
Unknown command.
No target in view!
A hound and an ogre come into view.
You feel sick.
The hound barks!
You feel sick. The hound bites you.
You hit the hound.
You feel sick. The hound bites you but does no damage.
You block the hound's attack.
You slash the hound! Your bite misses the hound. You block the hound's attack.
The hound bites you but does no damage.
You closely miss the hound. You bite the hound. You drain its power.
You block the hound's attack. The hound bites you but does no damage.
You slash the hound!
You kill the hound!
You feel sick.
You hit the ogre but do no damage. You bite the ogre, but do no damage.
You block the ogre's attack.
You hit the ogre. You bite the ogre, but do no damage.
The ogre hits you with a giant club!
* * * LOW HITPOINT WARNING * * *
You feel sick.
You are no longer poisoned.
There is a stone staircase leading up here.
The ogre hits you with a giant club!!
Ouch! That really hurt!
You die...

... .. ######.#
#...#
.......#####....
#####.[...##.#.#
#.###.##.#.# #.
#.##.#.#
#h###†##.#.# ###
#.#........####..§§#
#O#........O@....§§#
..#.#.##.#######§§.#
#.#.....## #
#.#.#.#..### #.
#........... #.#
#...#.#..### ###.#
###.....## ..#.#
###...# #.#.##
###..##


You could see an ogre.

Vanquished Creatures
  A hound (D:4)
  Natasha (thrice) (D:3)
  Terence (D:3)
  A worker ant (D:4)
  A gnoll (D:1)
  5 adders
  An ooze (D:2)
  A worm (D:2)
  2 dart slugs (D:2)
  2 leopard geckos (D:1)
  2 orcs (D:3)
  2 giant cockroaches
  7 goblins
  5 hobgoblins
  5 jackals
  6 kobolds
  A quokka (D:2)
  A ball python (D:1)
  5 bats
  5 frilled lizards
  8 rats
65 creatures vanquished.

Notes
Turn   | Place    | Note
-------+----------+-------------------------------------------
     0 | D:1      | Lochraine the Vine Stalker Fighter began the quest for the Orb.
     0 | D:1      | Reached XP level 1. HP: 11/11 MP: 2/2
    95 | D:1      | Reached XP level 2. HP: 16/16 MP: 3/3
   391 | D:1      | Reached XP level 3. HP: 16/19 MP: 4/4
  1124 | D:2      | Gained mutation: Your natural rate of healing is unusually fast. [Vine Stalker growth]
  1124 | D:2      | Reached XP level 4. HP: 23/24 MP: 5/5
  1611 | D:3      | Found a faded altar of an unknown god.
  1863 | D:3      | Noticed Natasha
  1880 | D:3      | Killed Natasha
  1883 | D:3      | Reached XP level 5. HP: 28/28 MP: 6/6
  1984 | D:3      | Noticed Terence
  2009 | D:3      | Killed Terence
  2289 | D:3      | Noticed Natasha
  2301 | D:3      | Killed Natasha
  2335 | D:3      | Noticed Natasha
  2344 | D:3      | Killed Natasha
  2500 | D:4      | Found a shadowy altar of Dithmenos.
  2532 | D:4      | Reached XP level 6. HP: 27/33 MP: 7/7
  2593 | D:4      | Slain by an ogre

Vault maps used:
D:1:      dpeg_arrival_leaves_temple_mockup
D:2:      tgw_xom
D:3:      chequers_ecumenical_altar_island, first_bread,
          minmay_misc_feat_columns, uniq_terence, uniq_natasha
D:4:      minitemple, serial_glass, glass_columns_a, glass_columns_a,
          grunt_dithmenos_smoke

Skill      XL: |  1  2  3  4  5 |
---------------+----------------+-----
Long Blades    | 2 3 |  3.3
Shields        | 3 |  3.9
Fighting       | 3 |  3.9
Armour         | 3 |  3.2

Action                   |  1- 3 |  4- 6 || total
-------------------------+-------+-------++-------
Melee: Long sword        |    84 |    38 ||   122
       Bite              |    21 |    38 ||    59
       Falchion          |       |    78 ||    78
 Fire: Hunting sling     |       |    41 ||    41
  Use: Scroll            |       |     3 ||     3
  Eat: Chunk             |     1 |     5 ||     6
Armor: Scale mail        |    36 |    52 ||    88
Dodge: Dodged            |    26 |    32 ||    58
Block: Shield            |    50 |    63 ||   113
       Rpst.: Long sword |     8 |     4 ||    12
       Falchion          |       |     7 ||     7
